 Dungeon Crawl Stone Soup version 0.25-a0-277-g7046ed1b37 (webtiles) character file.

Game seed: 9451749954659594865, levelgen mode: deterministic

589397 floatRand the Hand of Fortune (level 26, -2/276 HPs)
             Began as a Demonspawn Gladiator on Dec 8, 2019.
             Was the Champion of Nemelex Xobeh.
             Slain by an azure jelly (4 damage)
             ... created by the Royal Jelly
             ... on level 5 of the Pits of Slime on Dec 9, 2019.
             The game lasted 02:05:33 (67227 turns).

floatRand the Hand of Fortune (DsGl)               Turns: 67227, Time: 02:05:34

Health: -2/276     AC:  9    Str: 23    XL:     26   Next: 17%
Magic:  0/39       EV: 25    Int: 14    God:    Nemelex Xobeh [******]
Gold:   6102       SH:  0    Dex: 26    Spells: 25/25 levels left

rFire    + + .     SeeInvis .   a - +9 executioner's axe (freeze)
rCold    + + +     Gourm    .   (shield currently unavailable)
rNeg     + + .     Faith    .   M - +2 chain mail "Ratazxer" {rC+ rN+ Int+2}
rPois    .         Spirit   +   b - +0 hat "Feelyt" {+Fly rC+ Regen+ rCorr}
rElec    .         Reflect  .   U - scarf {rC+ rF+}
rCorr    +         Harm     .   Y - +5 pair of gloves of Tuypsug {MR+ Str+2}
MR       ++++.                  (boots unavailable)
Stlth    +++++.....             W - amulet of regeneration
HPRegen  1.36/turn              X - ring "Nony" {MR++ Int+3}
MPRegen  0.52/turn              c - ring of Echainn {rF+ rC++ rN+ Int-3 Dex+2}

@: corroded
A: antennae 1, hooves 3, thin skeletal structure 3, blurry vision 1, demonic
guardian 3, robust 3, evolution 1, magic shield, magic regeneration, magic link
}: 3/15 runes: decaying, silver, gossamer
a: Draw Escape, Draw Destruction, Draw Summoning, Draw Stack, Triple Draw, Deal
Four, Stack Five, Renounce Religion, Evoke Flight


You were on level 5 of the Pits of Slime.
You worshipped Nemelex Xobeh.
Nemelex Xobeh was exalted by your worship.
You were not hungry.

You visited 11 branches of the dungeon, and saw 53 of its levels.
You visited the Abyss 1 time.
You visited 1 bazaar.
You also visited: Sewer, Ossuary, Ice Cave and Desolation.

You collected 8712 gold pieces.
You spent 2610 gold pieces at shops.

Inventory:

Hand Weapons
 a - a +9 executioner's axe of freezing (weapon)
 P - a +9 battleaxe of flaming
Armour
 b - the +0 hat "Feelyt" (worn) {+Fly rC+ Regen+ rCorr}
   (You found it on level 3 of the Depths)

   It protects you from cold.
   It lets you fly.
   It increases your rate of regeneration.
   It provides partial protection from all sources of acid and corrosion.
 I - the +0 helmet of Marbles {-Cast rElec rPois Int+4}
   (You found it on level 1 of the Vaults)

   It affects your intelligence (+4).
   It insulates you from electricity.
   It protects you from poison.
   It prevents spellcasting.
 M - the +2 chain mail "Ratazxer" (worn) {rC+ rN+ Int+2}
   (You bought it in a shop on level 3 of the Vaults)

   It affects your intelligence (+2).
   It protects you from cold.
   It protects you from negative energy.
 Q - a scarf of cloud immunity
 U - a scarf of resistance (worn)
 Y - the +5 pair of gloves of Tuypsug (worn) {MR+ Str+2}
   (You found it on level 10 of the Dungeon)

   It affects your strength (+2).
   It affects your resistance to hostile enchantments.
Jewellery
 c - the ring of Echainn (right hand) {rF+ rC++ rN+ Int-3 Dex+2}
   (You found it on level 3 of the Crypt)

   [ring of positive energy]

   It affects your intelligence (-3).
   It affects your dexterity (+2).
   It protects you from fire.
   It greatly protects you from cold.
   It protects you from negative energy.
 q - an uncursed ring of see invisible
 x - the ring of Heses {+Fly rC+ Str+4 Int+6 Dex-5}
   (You found it in an ice cave)

   [ring of flight]

   It affects your strength (+4).
   It affects your intelligence (+6).
   It affects your dexterity (-5).
   It protects you from cold.
   It lets you fly.
 C - a +5 ring of slaying
 D - the ring "Kagur" {rC+ rN+ Str+4}
   (You took it off a kobold on level 11 of the Dungeon)

   [ring of protection from cold]

   It affects your strength (+4).
   It protects you from cold.
   It protects you from negative energy.
 J - the ring of Curiosity {+Blink rF+ rN+ Str+3}
   (You found it on level 3 of the Crypt)

   [ring of positive energy]

   It affects your strength (+3).
   It protects you from fire.
   It protects you from negative energy.
   It lets you blink.
 W - an amulet of regeneration (around neck)
 X - the ring "Nony" (left hand) {MR++ Int+3}
   (You bought it in a shop on level 13 of the Dungeon)

   [ring of intelligence]

   It affects your intelligence (+3).
   It affects your resistance to hostile enchantments.
Wands
 g - a wand of flame (27)
 k - a wand of digging (4)
 n - a wand of clouds (9)
 N - a wand of disintegration (5)
 R - a wand of scattershot (3)
 S - a wand of paralysis (22)
 T - a wand of iceblast (60)
 Z - a wand of acid (5)
Scrolls
 d - 3 scrolls of immolation
 e - 14 scrolls of fog
 j - 8 scrolls of enchant armour
 r - 19 scrolls of teleportation
 y - a scroll of summoning
 z - 16 scrolls of magic mapping
 G - 14 scrolls of identify
 K - a scroll of silence
 L - 26 scrolls of remove curse
 O - 2 scrolls of brand weapon
 V - 2 scrolls of fear
Potions
 h - 4 potions of invisibility
 i - 8 potions of might
 l - 9 potions of agility
 m - 12 potions of brilliance
 o - 3 potions of cancellation
 p - 33 potions of curing
 s - 8 potions of resistance
 t - 3 potions of berserk rage
 v - 5 potions of heal wounds
 w - 5 potions of flight
 A - a potion of mutation
 B - 7 potions of ambrosia
 E - 12 potions of haste
 H - 11 potions of magic
Miscellaneous
 u - 4 phantom mirrors
Comestibles
 f - 51 rations


   Skills:
 + Level 18.4 Fighting
 + Level 20.9 Axes
 - Level 1.7 Throwing
 + Level 14.2 Armour
 + Level 19.0 Dodging
 + Level 17.2 Stealth
 + Level 24.7 Invocations


You had 25 spell levels left.
You didn't know any spells.
Your spell library contained the following spells:

 Spells                   Type           Power        Failure   Level  Hunger
 Animate Skeleton         Necr           N/A          78%         1    ##.....
 Apportation              Tloc           #.....       78%         1    ##.....
 Confusing Touch          Hex            #.....       78%         1    ##.....
 Corona                   Hex            #......      78%         1    ##.....
 Foxfire                  Conj/Fire      #...         78%         1    ##.....
 Freeze                   Ice            #...         78%         1    ##.....
 Infusion                 Chrm           #...         78%         1    ##.....
 Pain                     Necr           #...         78%         1    ##.....
 Shock                    Conj/Air       #...         78%         1    ##.....
 Summon Butterflies       Summ           #.......     78%         1    ##.....
 Summon Small Mammal      Summ           #...         78%         1    ##.....
 Call Imp                 Summ           #.......     89%         2    ###....
 Corpse Rot               Necr/Air       N/A          89%         2    ###....
 Ensorcelled Hibernation  Hex/Ice        #.....       89%         2    ###....
 Passwall                 Tmut/Erth      #.......     89%         2    ###....
 Shroud of Golubria       Chrm/Tloc      #.....       89%         2    ###....
 Slow                     Hex            #.......     89%         2    ###....
 Song of Slaying          Chrm           #.......     89%         2    ###....
 Sublimation of Blood     Necr           #.........   89%         2    ###....
 Swiftness                Chrm/Air       #.......     89%         2    ###....
 Call Canine Familiar     Summ           #.......     98%         3    ####...
 Confuse                  Hex            #.......     98%         3    ####...
 Conjure Flame            Conj/Fire      #.......     98%         3    ####...
 Gell's Gravitas          Tloc           #.........   98%         3    ####...
 Ignite Poison            Fire/Tmut/Pois #.......     98%         3    ####...
 Inner Flame              Hex/Fire       #.......     98%         3    ####...
 Lesser Beckoning         Tloc           #.........   98%         3    ####...
 Ozocubu's Armour         Chrm/Ice       #.......     98%         3    ####...
 Portal Projectile        Hex/Tloc       #.....       98%         3    ####...
 Recall                   Summ/Tloc      N/A          98%         3    ####...
 Regeneration             Chrm/Necr      #.........   98%         3    ####...
 Spectral Weapon          Hex/Chrm       #.......     98%         3    ####...
 Static Discharge         Conj/Air       #.......     98%         3    ####...
 Summon Guardian Golem    Hex/Summ       #.......     98%         3    ####...
 Tukima's Dance           Hex            #.......     98%         3    ####...
 Vampiric Draining        Necr           #.........   98%         3    ####...
 Airstrike                Air            #.........   100%        4    #####..
 Animate Dead             Necr           N/A          100%        4    #####..
 Cause Fear               Hex            #.........   100%        4    #####..
 Hailstorm                Conj/Ice       #.......     100%        4    #####..
 Iskenderun's Mystic Bla  Conj/Tloc      #.......     100%        4    #####..
 Leda's Liquefaction      Hex/Erth       #.........   100%        4    #####..
 Petrify                  Tmut/Erth      #.......     100%        4    #####..
 Sticky Flame             Conj/Fire      #.......     100%        4    #####..
 Summon Ice Beast         Ice/Summ       #.......     100%        4    #####..
 Summon Lightning Spire   Summ/Air       #.......     100%        4    #####..
 Agony                    Necr           #.......     100%        5    ######.
 Alistair's Intoxication  Tmut/Pois      #.......     100%        5    ######.
 Aura of Abjuration       Summ           #.........   100%        5    ######.
 Bolt of Magma            Conj/Fire/Erth #.........   100%        5    ######.
 Borgnjor's Vile Clutch   Necr/Erth      #.........   100%        5    ######.
 Dispel Undead            Necr           #.......     100%        5    ######.
 Excruciating Wounds      Chrm/Necr      #.........   100%        5    ######.
 Fireball                 Conj/Fire      #.........   100%        5    ######.
 Irradiate                Conj/Tmut      #.........   100%        5    ######.
 Iskenderun's Battlesphe  Conj/Chrm      #.......     100%        5    ######.
 Lightning Bolt           Conj/Air       #.........   100%        5    ######.
 Metabolic Englaciation   Hex/Ice        #.........   100%        5    ######.
 Silence                  Hex/Air        #.........   100%        5    ######.
 Summon Demon             Summ           #.........   100%        5    ######.
 Summon Forest            Summ/Tloc      #.........   100%        5    ######.
 Summon Mana Viper        Hex/Summ       #.......     100%        5    ######.
 Yara's Violent Unravell  Hex/Tmut       #.........   100%        5    ######.
 Darkness                 Hex            #.........   100%        6    #######
 Death Channel            Necr           #.........   100%        6    #######
 Deflect Missiles         Chrm/Air       #.........   100%        6    #######
 Dispersal                Tloc           #.........   100%        6    #######
 Hydra Form               Tmut           #.........   100%        6    #######
 Invisibility             Hex            #.......     100%        6    #######
 Iron Shot                Conj/Erth      #.........   100%        6    #######
 Shadow Creatures         Summ           N/A          100%        6    #######
 Starburst                Conj/Fire      #.........   100%        6    #######
 Statue Form              Tmut/Erth      #........    100%        6    #######
 Dragon Form              Tmut           #.........   100%        7    #######
 Malign Gateway           Summ/Tloc      #.........   100%        7    #######
 Monstrous Menagerie      Summ           #.........   100%        7    #######
 Orb of Destruction       Conj           #.........   100%        7    #######
 Ring of Flames           Chrm/Fire      #.........   100%        7    #######
 Spellforged Servitor     Conj/Summ      #.........   100%        7    #######
 Summon Greater Demon     Summ           #.........   100%        7    #######
 Summon Hydra             Summ           #.........   100%        7    #######
 Controlled Blink         Tloc           N/A          100%        8    #######
 Discord                  Hex            #.........   100%        8    #######
 Disjunction              Tloc           #.........   100%        8    #######
 Ignition                 Fire           #.........   100%        8    #######
 Summon Horrible Things   Summ           #.........   100%        8    #######


Dungeon Overview and Level Annotations

Branches:
Dungeon (15/15)            Temple (1/1) D:4            Lair (6/6) D:10
  Swamp (4/4) Lair:3       Spider (4/4) Lair:2        Slime (5/5) Lair:5
    Orc (2/2) D:9             Elf (3/3) Orc:2        Vaults (5/5) D:14
  Crypt (3/3) Vaults:3       Tomb (0/3) Crypt:3      Depths (5/5) D:15
    Zot (0/5) Depths:5      Sewer (visited)         Ossuary (visited)
  IceCv (visited)         Desolation (visited)

Altars:
Ashenzari
Cheibriados
Dithmenos
Elyvilon
Fedhas
Gozag
Hepliaklqana
Kikubaaqudgha
Makhleb
Nemelex Xobeh
Okawaru
Qazlal
Ru
Sif Muna
Trog
Uskayaw
Vehumet
Wu Jian
Xom
Yredelemnul
Zin
The Shining One
Jiyva

Shops:
D:10 (   D:13 =   Orc:2 **%(!   Vaults:1 *   Vaults:2 %   Vaults:3 [
Vaults:5 %%!   Depths:5 [

Portals:
Hell: Depths:1 Depths:2 Depths:3 Depths:4 Depths:5
Abyss: Depths:1 Depths:4 Depths:5
Pandemonium: Depths:2 Depths:3
Ziggurat: Depths:3

Annotations:
D:5 1 runed translucent door, Borgoz's ghost, novice GrGl


Innate Abilities, Weirdness & Mutations

You have hooves in place of feet.
You have an unnaturally thin skeletal structure. (Dex +6, Stealth++)
A powerful demonic guardian rushes to your aid.
You are extremely robust. (+30% HP)
When hurt, damage is shared between your health and your magic reserves.
You regenerate magic rapidly.
When low on magic, you restore magic in place of health.
You have a pair of small antennae on your head.
Scrolls take you a little longer to read.
You evolve.


Message History

* * * LOW HITPOINT WARNING * * *
The acid blob spits acid at you. The splash of acid hits you. You resist.
* * * LOW HITPOINT WARNING * * *
The acid corrodes you!
You are splashed with acid.
You resist.
* * * LOW HITPOINT WARNING * * *
The acid blob spits acid at you.
The splash of acid hits you but does no damage.
You are splashed with acid.
You resist.
* * * LOW HITPOINT WARNING * * *
The acid blob hits you!!
* * * LOW HITPOINT WARNING * * *
You are splashed with acid.
You resist.
* * * LOW HITPOINT WARNING * * *
The slime creature barely misses your ice dragon.
The azure jelly hits you.
* * * LOW HITPOINT WARNING * * *
The azure jelly freezes you. You resist.
You die...
Your body glows slightly and disappears.

.. #$## ##. (!?##
...G...
[##..##(}(##.........
:!..../=φ|$##........
)......?[$%##.J.......
.)...JJ(?}# #{.........
....JJJJJ####...........
....JJJ@J...#...........
.....JJJ..#.............
.....JJD.####...........
.)....[.%? #...........
%......[[%( #...........
)(....(}[=$##...........
$##..##$:?##............
##. $$!##............. .
#)##..............


You could see 6 acid blobs, 2 azure jellies, a very large slime creature, a
large slime creature, 2 slime creatures, 4 death oozes, a friendly ice dragon
and a friendly +0 long sword of Disarray {speed, rN+}.

Vanquished Creatures
  the Royal Jelly (Slime:5)
  Mara (Crypt:2)
  An ancient lich (Crypt:3)
  A juggernaut (Depths:5)
  Bai Suzhen (Crypt:1)
  Boris (twice) (Depths:5 Vaults:4)
  the Lernaean hydra (Swamp:4)
  Xtahua (Vaults:3)
  Saint Roka (Vaults:4)
  2 caustic shrikes
  5 golden dragons
  Jory (Vaults:4)
  Arachne (Spider:2)
  2 bone dragons
  An iron giant (Vaults:4)
  3 tentacled monstrosities
  A deep elf blademaster (Elf:3)
  6 liches
  The ghost of Heheef the Stickfighter, an adept NaAE of Ru (Crypt:1)
  6 titans
  Asterion (Spider:2)
  2 deep elf master archers (Elf:3)
  2 quicksilver dragons
  2 acid blobs
  A tentacled starspawn (Abyss:3)
  4 sphinxes
  2 thorn hunters (Swamp:3)
  3 storm dragons
  3 shadow dragons
  11 tengu reavers
  Frances (D:13)
  3 azure jellies
  A draconian monk (Depths:5)
  A revenant (Crypt:2)
  An iron dragon (Depths:2)
  8 frost giants
  10 fire giants
  9 vault wardens
  An imperial myrmidon (Desolation)
  3 deep elf sorcerers (Vaults:5)
  2 orc warlords (Depths:3)
  Louise (Spider:4)
  5 ghost moths
  3 emperor scorpions
  8 ironheart preservers
  Aizul (Elf:3)
  5 deep elf elementalists (Elf:3)
  2 curse skulls
  A ghoul (Crypt:2)
  A reaper (Crypt:2)
  6 war gargoyles
  3 spriggan defenders
  17 very ugly things
  An entropy weaver (Vaults:5)
  7 vampire knights
  20 stone giants
  11 deep elf annihilators
  A yellow draconian (Depths:5)
  9 deep elf demonologists
  4 black draconians (Depths:5)
  2 halazid warlocks (Desolation)
  The ghost of Miucotz the Grappler, a journeyman TrMo of Makhleb (Lair:2)
  A purple draconian (Depths:5)
  7 spark wasps
  2 merfolk javelineers
  18 ettins
  A death ooze (Slime:2)
  7 crystal guardians
  7 deep elf death magi
  4 ragged hierophants (Desolation)
  2 eidola (Crypt:2)
  9 fire dragons
  Josephine (Lair:4)
  21 yaktaur captains
  A merfolk impaler (Depths:2)
  5 jiangshi (Crypt:2)
  9 ice dragons
  6 great orbs of eyes
  9 hydras
  The ghost of Borgoz the Carver, a journeyman GrFi of Okawaru (D:13)
  2 deep elf high priests (Elf:3)
  3 servants of whispers (Desolation)
  6 rakshasas
  6 peacekeepers (Desolation)
  21 vault guards (Vaults:5)
  Erolcha (Orc:2)
  An ice dragon (shapeshifter) (Depths:3)
  58 two-headed ogres
  6 spriggan air magi
  10 centaur warriors
  3 shambling mangroves
  30 dancing weapons
  4 death knights
  14 deep troll shamans
  9 alligators
  19 ogre magi
  A death yak (Spider:4)
  8 deep troll earth magi
  2 queen ants
  A soul eater (Crypt:1)
  4 tengu warriors
  2 vampire magi
  5 thrashing horrors (Abyss:3)
  3 spriggan berserkers
  An orc high priest (Depths:3)
  Nergalle (Lair:1)
  21 deep elf knights
  A titan skeleton (Crypt:2)
  A fire crab (Spider:1)
  A spatial maelstrom (Abyss:3)
  A storm dragon skeleton (Vaults:2)
  4 iron trolls
  2 shadow wraiths (Vaults:3)
  A golden dragon zombie (Crypt:2)
  6 hell knights
  4 flayed ghosts
  A death drake (shapeshifter) (Vaults:5)
  32 deep trolls
  19 skeletal warriors
  An unseen horror (shapeshifter) (Depths:2)
  9 unseen horrors
  A swamp dragon (shapeshifter) (Vaults:5)
  A quicksilver dragon simulacrum (Crypt:1)
  24 deep elf archers
  A shadow dragon zombie (Crypt:3)
  9 swamp dragons
  A tengu zombie (Vaults:2)
  17 ironbrand convokers
  7 wizards
  A torturous demonspawn (Depths:3)
  5 glowing orange brains
  7 phantasmal warriors
  A mana viper (shapeshifter) (Depths:3)
  4 orc sorcerers
  12 orb spiders
  A lindwurm (Lair:6)
  19 orc knights
  5 harpies
  A wolf spider (shapeshifter) (Vaults:5)
  63 deep elf magi
  2 frost giant zombies
  2 moths of wrath (Spider:4)
  16 necromancers
  23 wolf spiders
  4 cyclopes
  A stone giant zombie (Vaults:2)
  48 ugly things
  A tengu skeleton (Vaults:2)
  2 manticores
  A faun (Spider:3)
  A shining eye (Slime:2)
  A shock serpent zombie (Crypt:3)
  3 fire giant skeletons
  A shadow dragon skeleton (Crypt:3)
  A dire elephant zombie (Crypt:1)
  A rust devil (Depths:3)
  An apocalypse crab (Spider:3)
  18 vault sentinels
  6 guardian serpents
  5 black mambas
  6 ice statues
  A molten gargoyle (Desolation)
  A water nymph (shapeshifter) (Vaults:4)
  20 spiny frogs
  2 frost giant skeletons (Crypt:3)
  A guardian serpent (shapeshifter) (Depths:5)
  An elephant (D:11)
  An orange demon (Depths:3)
  A centaur skeleton (D:15)
  A dire elephant skeleton (Crypt:2)
  4 spectral swamp worms (Depths:2)
  3 human zombies
  35 yaktaurs
  16 demonic crawlers
  A yaktaur (shapeshifter) (Vaults:5)
  10 komodo dragons
  A tormentor (Depths:3)
  8 freezing wraiths
  4 anaconda simulacra (IceCv)
  An ancient zyme (Abyss:3)
  A red devil (Depths:3)
  2 golden dragon simulacra
  3 human skeletons (Vaults:2)
  A merfolk (shapeshifter) (Vaults:3)
  8 trolls
  4 tengu conjurers
  A troll (shapeshifter) (Vaults:2)
  27 jumping spiders
  47 saltlings
  15 hornets
  2 wind drakes (shapeshifter)
  4 bog bodies
  14 tyrant leeches
  6 hippogriffs
  53 slime creatures
  An alligator zombie (Crypt:3)
  4 large abominations
  10 blink frogs
  A snapping turtle (shapeshifter) (Depths:3)
  6 raiju
  A fire giant simulacrum (Vaults:2)
  A blink frog (shapeshifter) (Vaults:3)
  33 flying skulls
  2 hydra skeletons (Crypt:1)
  2 fire dragon zombies (Crypt:3)
  6 air elementals
  A centaur simulacrum (D:15)
  A frost giant simulacrum (Vaults:4)
  An ettin skeleton (Crypt:3)
  2 fire dragon skeletons
  A satyr skeleton (Crypt:1)
  A vampire (D:15)
  An orc simulacrum (Vaults:3)
  61 redbacks
  A redback (shapeshifter) (Depths:3)
  3 spriggans
  2 yaks (shapeshifter)
  4 shadows
  An alligator skeleton (Crypt:2)
  A snapping turtle (Spider:3)
  A wind drake zombie (Crypt:1)
  42 yaks
  12 water elementals
  A dire elephant simulacrum (IceCv)
  3 basilisks
  26 tarantellas
  5 wyverns
  14 wraiths
  A golden eye (Lair:6)
  3 humans
  2 fire elementals (Elf:1)
  A neqoxec (Depths:3)
  3 chaos spawn
  28 vampire mosquitoes
  Menkaure (Ossuary)
  2 death yak simulacra (Lair:2)
  12 swamp worms
  6 wargs
  A deep troll zombie (Vaults:2)
  An iron troll simulacrum (IceCv)
  3 acid dragons
  2 soldier ants (shapeshifter)
  14 water moccasins
  A harpy simulacrum (IceCv)
  A hydra simulacrum (IceCv)
  11 small abominations
  11 porcupines
  2 floating eyes
  19 orc warriors
  13 swamp drakes
  A floating eye (shapeshifter) (Vaults:5)
  10 ice beasts
  A spiny frog zombie (Crypt:3)
  2 black bears
  3 phantoms
  7 sky beasts
  An infernal demonspawn skeleton (Crypt:2)
  3 necrophages
  A swamp drake (shapeshifter) (D:11)
  5 eyes of draining
  57 ogres
  An ettin simulacrum (Vaults:2)
  A boggart (shapeshifter) (Vaults:5)
  10 wolves
  22 boggarts
  A lindwurm skeleton (Crypt:2)
  A snapping turtle skeleton (Crypt:3)
  18 centaurs
  13 crocodiles
  A blink frog skeleton (Crypt:1)
  4 big kobolds
  Blork the orc (D:5)
  5 earth elementals
  A gnoll sergeant (D:9)
  22 bullfrogs
  A water moccasin zombie (Crypt:1)
  A wyvern skeleton (D:13)
  5 scorpions
  12 killer bees
  6 electric eels
  3 crimson imps
  5 centaur zombies
  2 quasits
  A bullfrog zombie (D:8)
  4 jellies
  19 orc priests
  A soldier ant zombie (Crypt:1)
  6 hounds
  19 orc wizards
  4 bullfrog skeletons
  4 iron imps
  5 iguanas
  9 worker ants
  A killer bee zombie (D:9)
  A naga zombie (Crypt:2)
  A demigod skeleton (Crypt:1)
  4 hound zombies
  A hound skeleton (D:11)
  3 mummies (Ossuary)
  2 howler monkey zombies
  A worker ant zombie (D:9)
  3 gnolls (D:9)
  7 river rats (Sewer)
  15 adders
  6 shadow imps
  An ufetubus (Depths:3)
  7 oozes
  An adder zombie (D:9)
  An adder skeleton (D:4)
  3 worms
  2 ball lightnings
  3 dart slugs
  7 leopard geckos
  79 orcs
  3 bats
  8 giant cockroaches
  4 gnoll zombies (Ossuary)
  6 goblins
  5 hobgoblins
  5 jackals
  34 kobolds
  3 quokkas
  3 ball pythons
  11 frilled lizards
  2 gnoll skeletons (Ossuary)
  5 goblin skeletons (Ossuary)
  A goblin zombie (Ossuary)
  4 hobgoblin skeletons (Ossuary)
  5 hobgoblin zombies (Ossuary)
  2 jackal skeletons (D:4)
  7 kobold skeletons (Ossuary)
  4 kobold zombies (Ossuary)
  A leopard gecko skeleton (D:5)
  A leopard gecko zombie (Crypt:2)
  2 orc skeletons (Ossuary)
  3 orc zombies (Ossuary)
  A quokka zombie (D:7)
  21 rats
  3 rat skeletons (Ossuary)
  8 rat zombies (Ossuary)
  3 fungi
  2 plants (Lair:6)
2274 creatures vanquished.

Vanquished Creatures (collateral kills)
  A bone dragon (Abyss:3)
  Rupert (Lair:5)
  A tentacled monstrosity (Vaults:5)
  The ghost of Lanoc the Impassioned, an adept GnCj of Uskayaw (Vaults:2)
  A deep elf blademaster (Elf:3)
  An acid blob (Slime:5)
  A sphinx (Depths:4)
  An azure jelly (Slime:5)
  A fire giant (Depths:1)
  A frost giant (Depths:2)
  A vault warden (Vaults:3)
  A draconian annihilator (Depths:5)
  6 very ugly things
  2 stone giants (Depths:2)
  A halazid warlock (Desolation)
  An ettin (Depths:2)
  2 deep elf death magi
  A yaktaur captain (Vaults:5)
  4 rakshasas
  4 death oozes (Slime:5)
  A spriggan air mage (Depths:4)
  3 hydras
  A servant of whispers (Desolation)
  An alligator snapping turtle (Depths:1)
  2 spectral humans (Vaults:2)
  An alligator (Swamp:3)
  A dancing weapon (Vaults:3)
  5 two-headed ogres
  2 deep troll earth magi
  Urug (D:11)
  A thrashing horror (Abyss:3)
  A tengu warrior (Depths:2)
  A spriggan berserker (Depths:5)
  A vampire mage (Crypt:2)
  2 hell knights (Crypt:3)
  A shock serpent (Desolation)
  A skeletal warrior (Crypt:1)
  7 deep trolls
  A phantasmal warrior (Crypt:1)
  A swamp dragon (Swamp:4)
  A spectral hydra (Lair:2)
  A deep elf archer (Vaults:5)
  An orc knight (Vaults:5)
  2 shining eyes (Slime:2)
  2 deep elf magi (Vaults:2)
  A spectral ettin (Vaults:2)
  A mana viper (Desolation)
  2 wolf spiders (Spider:1)
  2 ugly things (D:15)
  A cyclops (D:12)
  2 vault sentinels
  A storm dragon simulacrum (Vaults:2)
  A spectral swamp worm (Depths:2)
  4 spiny frogs
  A centaur skeleton (D:12)
  A spectral elf (Vaults:2)
  A spectral deep troll (Vaults:2)
  2 tengu conjurers
  A demonic crawler (Spider:2)
  2 spectral glowing shapeshifters (Vaults:2)
  A freezing wraith (D:13)
  3 jumping spiders
  A tyrant leech (Vaults:3)
  2 saltlings (Desolation)
  2 hippogriffs
  A spectral dream sheep (Lair:2)
  3 blink frogs
  A flying skull (Crypt:2)
  A spectral black mamba (Lair:2)
  3 redbacks (Spider:1)
  A shadow (D:13)
  2 yaks (Lair:5)
  2 wraiths (D:13)
  Grum (D:9)
  A steam dragon (Vaults:5)
  3 vampire mosquitoes
  An orc warrior (Vaults:5)
  An ice beast (D:6)
  An ettin simulacrum (Vaults:2)
  2 black mamba simulacra (Lair:2)
  An eye of draining (Slime:5)
  A necrophage (Crypt:3)
  An eye of draining (shapeshifter) (Depths:1)
  2 ogres
  A centaur (D:5)
  A killer bee (D:12)
  2 crimson imps (D:12)
  A human simulacrum (Vaults:2)
  An orc priest (D:8)
  A worker ant (D:12)
  A gnoll (D:9)
  An adder (D:9)
  2 oozes (Lair:5)
  An adder skeleton (D:9)
  3 orcs
  2 jackals (D:6)
153 creatures vanquished.

Vanquished Creatures (others)
  A fire giant (Vaults:3)
  A vault warden (Vaults:5)
  A caustic shrike zombie (Crypt:1)
  An emperor scorpion (Vaults:5)
  A deep elf demonologist (Vaults:5)
  4 vault guards (Vaults:5)
  A two-headed ogre (Orc:2)
  An anaconda (Lair:6)
  2 dancing weapons
  A deep troll earth mage (Depths:2)
  An ogre mage (Vaults:3)
  An orb spider (Spider:1)
  A deep elf mage (Elf:1)
  A troll (D:11)
  A redback (Spider:1)
  A human (Lair:6)
  A steam dragon (Lair:6)
  A sky beast (Lair:6)
  An ogre (Depths:1)
  4 boggarts
  An earth elemental (Depths:2)
  An orc priest (Vaults:5)
  A worm (Lair:6)
  12 ball lightnings
  4 orcs
  A hobgoblin skeleton (Ossuary)
  A rat skeleton (Ossuary)
  A butterfly (Lair:5)
  9 fungi
  A lurking horror (Abyss:3)
  62 plants
  2 starspawn tentacles (Abyss:3)
123 creatures vanquished.

Grand Total: 2550 creatures vanquished

Notes
Turn   | Place    | Note
-------+----------+-------------------------------------------
     0 | D:1      | floatRand the Demonspawn Gladiator began the quest for the
                  | Orb.
     0 | D:1      | Reached XP level 1. HP: 16/16 MP: 1/1
   189 | D:1      | Gained mutation: You have large cloven feet. [demonic
                  | ancestry]
   189 | D:1      | Reached XP level 2. HP: 14/22 MP: 2/2
   550 | D:1      | Reached skill level 1 in Stealth
   833 | D:2      | Gained mutation: You have hoof-like feet. [demonic
                  | ancestry]
   833 | D:2      | Reached XP level 3. HP: 25/27 MP: 3/3
   856 | D:2      | Found a snail-covered altar of Cheibriados.
   984 | D:2      | Reached XP level 4. HP: 27/33 MP: 4/4
  2228 | D:3      | Found a glowing drain.
  2241 | D:3      | Gained mutation: A weak demonic guardian rushes to your
                  | aid. [demonic ancestry]
  2241 | D:3      | Reached XP level 5. HP: 32/38 MP: 5/5
  2275 | Sewer    | Entered a sewer
  2698 | Sewer    | Gained mutation: You have a somewhat thin skeletal
                  | structure. (Dex +2, Stealth) [demonic ancestry]
  2698 | Sewer    | Reached XP level 6. HP: 42/44 MP: 6/6
  3572 | D:3      | Reached skill level 5 in Axes
  3942 | D:4      | Found a sand-covered staircase.
  3977 | Ossuary  | Entered an ossuary
  4724 | Ossuary  | Noticed Menkaure
  4728 | Ossuary  | Killed Menkaure
  4728 | Ossuary  | Gained mutation: When hurt, damage is shared between your
                  | health and your magic reserves. [demonic ancestry]
  4728 | Ossuary  | Reached XP level 7. HP: 50/50 MP: 7/7
  5188 | D:4      | Found a staircase to the Ecumenical Temple.
  5241 | D:4      | Reached skill level 7 in Invocations
  5241 | D:4      | Reached XP level 8. HP: 56/56 MP: 7/13
  5667 | D:5      | Entered Level 5 of the Dungeon
  5681 | D:5      | Noticed Blork the orc
  5698 | D:5      | Killed Blork the orc
  5786 | D:5      | Found a white marble altar of Elyvilon.
  6143 | D:5      | Found an opulent altar of Gozag.
  6503 | D:5      | Found a runed translucent door.
  6506 | D:5      | Noticed Borgoz's ghost (novice GrGl)
  6761 | D:6      | Gained mutation: You have hooves in place of feet. [demonic
                  | ancestry]
  6761 | D:6      | Reached XP level 9. HP: 61/61 MP: 14/14
  6814 | D:6      | Reached skill level 10 in Axes
  7004 | D:6      | Found a glowing golden altar of the Shining One.
  7078 | D:6      | Found an iron altar of Okawaru.
  7080 | D:6      | Got a faintly humming ring mail
  7090 | D:6      | Identified the +2 ring mail of Too Many Cooks {rElec} (You
                  | found it on level 6 of the Dungeon)
  7200 | D:6      | Found an ancient bone altar of Kikubaaqudgha.
  7317 | Temple   | Entered the Ecumenical Temple
  7388 | Temple   | Became a worshipper of Nemelex Xobeh the Trickster
  7592 | D:6      | Received a gift from Nemelex Xobeh
  8071 | D:7      | HP: 2/61 [yak (4)]
  8080 | D:7      | HP: 3/61 [ball lightning[a card of wild magic] (1)]
  8370 | D:7      | Received a gift from Nemelex Xobeh
  8649 | D:8      | Reached * piety under Nemelex Xobeh
  8686 | D:8      | Gained mutation: You have a moderately thin skeletal
                  | structure. (Dex +4, Stealth+) [demonic ancestry]
  8686 | D:8      | Reached XP level 10. HP: 67/67 MP: 15/15
  8686 | D:8      | Reached skill level 8 in Invocations
  9292 | D:9      | Found a staircase to the Orcish Mines.
  9537 | D:9      | Noticed Grum
  9542 | D:9      | Noticed a two-headed ogre
  9559 | D:9      | Killed a two-headed ogre
  9672 | D:9      | Received a gift from Nemelex Xobeh
  9729 | D:9      | Found a shimmering blue altar of Sif Muna.
  9843 | D:9      | Killed Grum
  9909 | D:10     | Entered Level 10 of the Dungeon
  9912 | D:10     | Received a gift from Nemelex Xobeh
  9982 | D:10     | You fall into a shaft and drop 2 floors!
  9986 | D:12     | Noticed a cyclops
  9987 | D:12     | Reached ** piety under Nemelex Xobeh
  9996 | D:12     | Killed a cyclops
 10524 | D:11     | Noticed Urug
 10537 | D:11     | Killed Urug
 10607 | D:11     | Noticed a red ugly thing
 10745 | D:11     | Received a gift from Nemelex Xobeh
 10899 | D:10     | Found Muaraema's Antique Weapon Boutique.
 11080 | D:10     | Found a staircase to the Lair.
 11231 | D:10     | Received a gift from Nemelex Xobeh
 11271 | D:10     | Reached *** piety under Nemelex Xobeh
 11483 | D:11     | Noticed a deep elf mage
 11484 | D:11     | Killed a red ugly thing
 11484 | D:11     | Reached skill level 9 in Invocations
 11484 | D:11     | Reached XP level 11. HP: 67/72 MP: 14/17
 11488 | D:11     | Noticed a two-headed ogre
 11491 | D:11     | Noticed a green ugly thing
 11495 | D:11     | a deep elf mage changed into a jumping spider
 11495 | D:11     | a two-headed ogre changed into an elephant
 11497 | D:11     | Killed a green ugly thing
 11741 | D:11     | Found a snail-covered altar of Cheibriados.
 11744 | D:11     | Identified the ring "Kagur" {rC+ rN+ Str+4}
 11885 | D:11     | Found a shattered altar of Ashenzari.
 11943 | D:11     | Received a gift from Nemelex Xobeh
 12256 | Lair:1   | Entered Level 1 of the Lair of Beasts
 12323 | Lair:1   | Reached skill level 10 in Invocations
 12434 | Lair:1   | Noticed Nergalle
 12437 | Lair:1   | Received a gift from Nemelex Xobeh
 12449 | Lair:1   | Killed Nergalle
 12661 | Lair:1   | Found a glowing silver altar of Zin.
 12723 | Lair:1   | Noticed a seven-headed hydra
 12730 | Lair:1   | Killed a three-headed hydra
 13098 | Lair:2   | Reached **** piety under Nemelex Xobeh
 13247 | Lair:2   | Received a gift from Nemelex Xobeh
 13329 | Lair:2   | Found a hole to the Spider Nest.
 13338 | Lair:2   | Found a runed translucent gate.
 13338 | Lair:2   | Found a runed translucent gate.
 13340 | Lair:2   | Found a runed translucent gate.
 13341 | Lair:2   | Noticed Miucotz's ghost (journeyman TrMo)
 13617 | Lair:2   | Gained mutation: You regenerate magic rapidly. [demonic
                  | ancestry]
 13617 | Lair:2   | Reached XP level 12. HP: 67/78 MP: 16/19
 13708 | Lair:2   | Received a gift from Nemelex Xobeh
 13856 | Lair:2   | Killed Miucotz's ghost
 14102 | Lair:2   | Got a twisted hand axe
 14104 | Lair:2   | Identified the +2 hand axe of Intimidation {freeze, MP+9}
                  | (You found it on level 2 of the Lair of Beasts)
 14245 | Lair:3   | Reached ***** piety under Nemelex Xobeh
 14462 | Lair:3   | Found a staircase to the Swamp.
 14924 | Lair:4   | Received a gift from Nemelex Xobeh
 15042 | Lair:4   | Noticed Josephine
 15052 | Lair:4   | Killed Josephine
 15052 | Lair:4   | Reached skill level 11 in Invocations
 15228 | Lair:4   | Noticed an eight-headed hydra
 15238 | Lair:4   | Killed a five-headed hydra
 15520 | Lair:4   | Reached skill level 10 in Stealth
 15929 | Lair:4   | Received a gift from Nemelex Xobeh
 16098 | Lair:4   | Received a gift from Nemelex Xobeh
 16516 | Lair:5   | Received a gift from Nemelex Xobeh
 16557 | Lair:5   | Noticed Rupert
 16975 | Lair:5   | Got a crystal falchion
 16998 | Lair:5   | Found a staircase to the Slime Pits.
 17007 | Lair:5   | Noticed a four-headed hydra
 17012 | Lair:5   | Identified the +0 long sword of Cowardice {slice, +Rage
                  | Int+2}
 17016 | Lair:5   | Killed a four-headed hydra
 17016 | Lair:5   | Reached skill level 10 in Dodging
 17170 | Lair:5   | Reached XP level 13. HP: 77/83 MP: 19/21
 17234 | Lair:5   | Paralysed by Rupert for 2 turns
 17243 | Lair:5   | Killed Rupert
 17560 | Lair:6   | Entered Level 6 of the Lair of Beasts
 17583 | Lair:6   | Reached skill level 12 in Invocations
 17587 | Lair:6   | Identified the +8 falchion of Boebahio {freeze, MP-9 Int+2
                  | Dex+3} (You found it on level 5 of the Lair of Beasts)
 18092 | Lair:6   | Identified the -1 long sword of Accord {venom, Stlth+}
 18853 | Lair:6   | Reached ****** piety under Nemelex Xobeh
 19034 | Lair:6   | Received a gift from Nemelex Xobeh
 19798 | D:13     | Reached skill level 13 in Invocations
 20044 | D:13     | Reached skill level 1 in Armour
 20080 | D:13     | Noticed Frances
 20091 | D:13     | Gained mutation: You are frail. (-10% HP) [a neqoxec]
 20092 | D:13     | Killed Frances
 20092 | D:13     | Reached XP level 14. HP: 81/81 MP: 20/23
 20099 | D:13     | Reached XP level 15. HP: 90/90 MP: 23/25
 20195 | D:13     | Lost mutation: You are frail. (-10% HP) [potion of
                  | mutation]
 20195 | D:13     | Gained mutation: You have a beak for a mouth. [potion of
                  | mutation]
 20195 | D:13     | Gained mutation: You do not regenerate when monsters are
                  | visible. [potion of mutation]
 20195 | D:13     | Gained mutation: You have an unnaturally thin skeletal
                  | structure. (Dex +6, Stealth++) [potion of mutation]
 20196 | D:13     | Lost mutation: You do not regenerate when monsters are
                  | visible. [potion of mutation]
 20196 | D:13     | Lost mutation: You have a beak for a mouth. [potion of
                  | mutation]
 20196 | D:13     | Lost mutation: You have an unnaturally thin skeletal
                  | structure. (Dex +6, Stealth++) [potion of mutation]
 20196 | D:13     | Gained mutation: You are agile. (Dex +2) [potion of
                  | mutation]
 20196 | D:13     | Gained mutation: You have sharp fingernails. [potion of
                  | mutation]
 20259 | D:13     | Found a runed translucent gate.
 20259 | D:13     | Found a runed translucent gate.
 20259 | D:13     | Found a runed translucent gate.
 20267 | D:13     | Noticed Borgoz's ghost (journeyman GrFi)
 20354 | D:13     | Killed Borgoz's ghost
 20553 | D:13     | Identified Kikubaaqudgha's Catalogue of Necromancy
 20696 | D:13     | Received a gift from Nemelex Xobeh
 20849 | D:13     | Found Vialah's Jewellery Emporium.
 20879 | D:13     | Bought an uncursed amulet of regeneration for 450 gold
                  | pieces
 20879 | D:13     | Bought the ring "Nony" {MR++ Int+3} for 466 gold pieces
 21002 | D:14     | Reached skill level 5 in Fighting
 21131 | D:14     | Reached skill level 14 in Invocations
 21245 | D:14     | Found a blossoming altar of Fedhas.
 21291 | D:14     | Received a gift from Nemelex Xobeh
 21413 | D:10     | Got a pair of faintly glowing gloves
 21415 | D:10     | Identified the +5 pair of gloves of Tuypsug {MR+ Str+2}
                  | (You found it on level 10 of the Dungeon)
 22079 | D:14     | Received a gift from Nemelex Xobeh
 22138 | D:14     | Found a gate to the Vaults.
 22352 | D:15     | Entered Level 15 of the Dungeon
 22430 | D:15     | Reached skill level 5 in Armour
 22891 | D:15     | Received a gift from Nemelex Xobeh
 23050 | D:15     | Reached skill level 15 in Axes
 23483 | D:15     | Found a staircase to the Depths.
 23711 | Orc:1    | Entered Level 1 of the Orcish Mines
 23726 | Orc:1    | Reached skill level 15 in Invocations
 24083 | Orc:2    | Entered Level 2 of the Orcish Mines
 24141 | Orc:2    | Received a gift from Nemelex Xobeh
 24177 | Orc:2    | Found Japhauli's Distillery.
 24186 | Orc:2    | Bought 2 potions of degeneration for 30 gold pieces
 24270 | Orc:2    | Found a staircase to the Elven Halls.
 24281 | Orc:2    | Received a gift from Nemelex Xobeh
 24430 | Orc:2    | Found Hufet's General Store.
 24430 | Orc:2    | Found Myoniap's Food Boutique.
 24430 | Orc:2    | Found Zezev Mihapn's General Store.
 24430 | Orc:2    | Found Sedwukk's Antique Weapon Emporium.
 24434 | Orc:2    | Gained mutation: When low on magic, you restore magic in
                  | place of health. [demonic ancestry]
 24434 | Orc:2    | Reached XP level 16. HP: 115/115 MP: 27/27
 24463 | Orc:2    | Noticed Erolcha
 24468 | Orc:2    | Received a gift from Nemelex Xobeh
 24471 | Orc:2    | Killed Erolcha
 24548 | Orc:2    | Bought a polished broad axe for 297 gold pieces
 24550 | Orc:2    | Bought a scroll of identify for 22 gold pieces
 25083 | Orc:2    | Identified the +6 broad axe of Fundamental Breach {freeze,
                  | Int+2} (You bought it in a shop on level 2 of the Orcish
                  | Mines)
 25516 | Swamp:1  | Entered Level 1 of the Swamp
 26113 | Swamp:1  | Received a gift from Nemelex Xobeh
 26729 | Swamp:2  | Received a gift from Nemelex Xobeh
 27154 | Swamp:3  | Noticed a thorn hunter
 27342 | Swamp:3  | Noticed a thorn hunter
 27342 | Swamp:3  | a shambling mangrove changed into a thorn hunter
 27348 | Swamp:3  | HP: 1/118 [shambling mangrove (10)]
 27358 | Swamp:3  | Killed a thorn hunter
 27358 | Swamp:3  | Reached skill level 16 in Invocations
 27359 | Swamp:3  | Killed a thorn hunter
 28288 | Swamp:4  | Entered Level 4 of the Swamp
 28333 | Swamp:4  | Received a gift from Nemelex Xobeh
 28837 | Swamp:4  | Noticed the 27-headed Lernaean hydra
 29085 | Swamp:4  | Gained mutation: You are robust. (+10% HP) [demonic
                  | ancestry]
 29085 | Swamp:4  | Reached XP level 17. HP: 94/138 MP: 22/29
 29282 | Swamp:4  | Killed the 27-headed Lernaean hydra
 29333 | Swamp:4  | Received a gift from Nemelex Xobeh
 29463 | Swamp:4  | Got a decaying rune of Zot
 29980 | Vaults:1 | Entered Level 1 of the Vaults
 30335 | Vaults:1 | Found Ykkacoa's Assorted Antiques.
 30343 | Vaults:1 | Bought a potion of curing for 78 gold pieces
 30343 | Vaults:1 | Bought a notched coral ring for 130 gold pieces
 30343 | Vaults:1 | Bought a scroll labeled KEBRISTR MYRASI for 26 gold pieces
 30343 | Vaults:1 | Bought a potion of curing for 78 gold pieces
 30445 | Vaults:1 | Received a gift from Nemelex Xobeh
 30535 | Vaults:1 | Identified the cursed +0 helmet of Marbles {-Cast rElec
                  | rPois Int+4} (You found it on level 1 of the Vaults)
 30876 | Vaults:1 | Received a gift from Nemelex Xobeh
 31084 | Vaults:1 | Reached skill level 10 in Fighting
 31624 | Vaults:2 | Reached skill level 17 in Invocations
 31703 | Vaults:2 | Received a gift from Nemelex Xobeh
 31765 | Vaults:2 | Found Plog's Food Boutique.
 32027 | Vaults:2 | Found a runed translucent gate.
 32027 | Vaults:2 | Found a runed translucent gate.
 32027 | Vaults:2 | Found a runed translucent gate.
 32030 | Vaults:2 | Received a gift from Nemelex Xobeh
 32032 | Vaults:2 | Noticed Lanoc's ghost (adept GnCj)
 32062 | Vaults:2 | Killed Lanoc's ghost
 32080 | Vaults:2 | Identified the Tome of Quantum Hexes
 32451 | Vaults:2 | Received a gift from Nemelex Xobeh
 33231 | Vaults:3 | Noticed Xtahua
 33243 | Vaults:3 | Killed Xtahua
 33243 | Vaults:3 | Gained mutation: You are very robust. (+20% HP) [demonic
                  | ancestry]
 33243 | Vaults:3 | Reached XP level 18. HP: 111/163 MP: 24/30
 33629 | Vaults:3 | Found Owywkunt's Antique Armour Boutique.
 33637 | Vaults:3 | Bought a bloodstained chain mail for 313 gold pieces
 33637 | Vaults:3 | Identified the +2 chain mail "Ratazxer" {rC+ rN+ Int+2}
                  | (You bought it in a shop on level 3 of the Vaults)
 33652 | Vaults:3 | Received a gift from Nemelex Xobeh
 33974 | Vaults:3 | Reached skill level 18 in Invocations
 33994 | Vaults:3 | HP: 8/165 [wind drake (shapeshifter)/the air (8)]
 34467 | Vaults:3 | Identified a scroll of acquirement
 34954 | Vaults:3 | Found a staircase to the Crypt.
 34954 | Vaults:3 | Found a basalt altar of Yredelemnul.
 34955 | Vaults:3 | Found an ancient bone altar of Kikubaaqudgha.
 34962 | Vaults:3 | Received a gift from Nemelex Xobeh
 35728 | Spider:1 | Entered Level 1 of the Spider Nest
 36248 | Spider:1 | Received a gift from Nemelex Xobeh
 36515 | Spider:2 | Identified the -5 pair of gloves of Riujehuc {rPois} (You
                  | acquired it on level 2 of the Spider Nest)
 36619 | Spider:2 | Noticed Asterion
 36628 | Spider:2 | Killed Asterion
 36628 | Spider:2 | Gained mutation: You have an unnaturally thin skeletal
                  | structure. (Dex +6, Stealth++) [demonic ancestry]
 36628 | Spider:2 | Reached XP level 19. HP: 135/176 MP: 23/32
 36703 | Spider:2 | Noticed Arachne
 36717 | Spider:2 | Killed Arachne
 36974 | Spider:2 | Reached skill level 19 in Invocations
 37778 | Spider:3 | Received a gift from Nemelex Xobeh
 38234 | Spider:4 | Entered Level 4 of the Spider Nest
 38389 | Spider:4 | Noticed Louise
 38409 | Spider:4 | Killed Louise
 38572 | Spider:4 | Received a gift from Nemelex Xobeh
 38894 | Spider:4 | Reached skill level 15 in Dodging
 39138 | Spider:4 | Got a gossamer rune of Zot
 39644 | Elf:1    | Entered Level 1 of the Elven Halls
 39720 | Elf:1    | Found a shimmering blue altar of Sif Muna.
 39774 | Elf:1    | Received a gift from Nemelex Xobeh
 39777 | Elf:1    | Found a ruined gateway.
 39847 | Desolati | Entered the Desolation of Salt
 39886 | Desolati | Found the +8 Wrath of Trog {antimagic, *Rage}
 39922 | Desolati | Got an ichor-stained ring mail
 40002 | Desolati | Identified Sirucash's Guide on Helpful Combat Magic
 40013 | Desolati | Identified Sif Muna's Almanac of the Arsonist and
                  | Orientation
 40017 | Desolati | Identified the +1 ring mail "Eweidon" {+Fly Str-5 Int+3
                  | Slay-3} (You found it in the Desolation of Salt)
 40059 | Desolati | Found the +7 pair of quick blades "Gyre" and "Gimble"
                  | {protect}
 40203 | Desolati | Identified Faeskeor's Catalogue of Dusty Augmentations
 40660 | Desolati | Reached XP level 20. HP: 188/188 MP: 33/33
 40697 | Desolati | Reached skill level 20 in Invocations
 40722 | Desolati | Got a faintly glowing trident
 40725 | Desolati | Got a polished shortbow
 40986 | Elf:1    | Identified the +7 shortbow of Pihiemocse {velocity, Dex+2}
                  | (You found it in the Desolation of Salt)
 40987 | Elf:1    | Identified the +6 trident "Nafew" {flame, rElec rF+++ Str-4
                  | Stlth+} (You found it in the Desolation of Salt)
 40999 | Elf:1    | Received a gift from Nemelex Xobeh
 42001 | Elf:2    | Found a huge runed translucent gate.
 42001 | Elf:2    | Found a huge runed translucent gate.
 42002 | Elf:2    | Found a huge runed translucent gate.
 42003 | Elf:2    | Found a huge runed translucent gate.
 42010 | Elf:2    | Found a huge runed translucent gate.
 42072 | Elf:2    | Received a gift from Nemelex Xobeh
 42158 | Elf:2    | Found the +5 robe of Misfortune {*Contam Harm *Corrode
                  | *Drain *Slow EV+5}
 42936 | Elf:3    | Entered Level 3 of the Elven Halls
 43054 | Elf:3    | Got a smoking leather armour
 43216 | Elf:3    | Noticed Aizul
 43226 | Elf:3    | Killed Aizul
 43227 | Elf:3    | Received a gift from Nemelex Xobeh
 43379 | Elf:3    | Found a frozen archway.
 43403 | IceCv    | Entered an ice cave
 43807 | IceCv    | Got a bound pewter ring
 43821 | IceCv    | Identified the +3 leather armour of Trumpets {rPois rC++
                  | Int-5 Dex+3} (You found it on level 3 of the Elven Halls)
 43822 | IceCv    | Identified the ring of Heses {+Fly rC+ Str+4 Int+6 Dex-5}
                  | (You found it in an ice cave)
 45316 | Elf:3    | Identified the +10 scythe "Conservator" {slice, MR- Int+3
                  | Dex+4}
 45357 | Elf:3    | Reached XP level 21. HP: 126/199 MP: 11/35
 45385 | Elf:3    | Identified the amulet "Eqiytse" {Spirit rPois rF- Slay+3}
 45758 | Elf:3    | Received a gift from Nemelex Xobeh
 45761 | Elf:3    | Identified the +9 long sword of the Extremes {drain, Dex+4}
 46721 | Vaults:4 | Reached skill level 21 in Invocations
 47685 | Vaults:4 | Received a gift from Nemelex Xobeh
 48327 | Vaults:4 | Reached skill level 15 in Fighting
 48745 | Depths:1 | Entered Level 1 of the Depths
 48792 | Depths:1 | Received a gift from Nemelex Xobeh
 48989 | Depths:1 | Identified the +3 executioner's axe of False Accusations
                  | {pain, rPois rN+ Int+4}
 49107 | Depths:1 | Found a gateway to Hell.
 49118 | Depths:1 | Received a gift from Nemelex Xobeh
 49158 | Depths:1 | Found a shimmering altar of Xom.
 49171 | Depths:1 | Found a one-way gate to the infinite horrors of the Abyss.
 49171 | Depths:1 | Found a flickering gateway to a bazaar.
 49184 | Bazaar   | Entered a bazaar
 49343 | Bazaar   | Found Xatraev's Antique Weapon Shoppe.
 49343 | Bazaar   | Found Ynydodi's Food Shoppe.
 49374 | Bazaar   | Found Orol's Food Emporium.
 49374 | Bazaar   | Found Ywipinuj's Weapon Emporium.
 49631 | Depths:1 | Reached skill level 10 in Armour
 50070 | Depths:1 | Got a translucent quarterstaff
 50073 | Depths:1 | Identified the +6 quarterstaff "Ahuros" {antimagic, rF+
                  | Str+2} (You found it on level 1 of the Depths)
 50192 | Depths:1 | Gained mutation: A demonic guardian rushes to your aid.
                  | [demonic ancestry]
 50192 | Depths:1 | Reached XP level 22. HP: 100/210 MP: 17/36
 50676 | Depths:2 | Received a gift from Nemelex Xobeh
 51351 | Depths:2 | Found a one-way gate leading to the halls of Pandemonium.
 51704 | Depths:2 | Reached skill level 22 in Invocations
 52308 | Depths:2 | Noticed a golden dragon
 52318 | Depths:2 | Killed a golden dragon
 52359 | Depths:2 | Identified the +2 hunting sling of Prudence {flame, rN+++
                  | Int-2 SInv Stlth+} (You found it on level 2 of the Depths)
 52409 | Depths:2 | Received a gift from Nemelex Xobeh
 53442 | Depths:3 | Found a sacrificial altar of Ru.
 53624 | Depths:3 | Found a gateway to a ziggurat.
 53630 | Depths:3 | Received a gift from Nemelex Xobeh
 53849 | Depths:3 | Noticed a golden dragon
 53935 | Depths:3 | Killed a golden dragon
 53935 | Depths:3 | Reached XP level 23. HP: 189/220 MP: 35/38
 53959 | Depths:3 | Noticed a caustic shrike
 53968 | Depths:3 | Killed a caustic shrike
 54096 | Depths:3 | Paralysed by a floating eye for 4 turns
 54179 | Depths:3 | Identified the +0 hat "Feelyt" {+Fly rC+ Regen+ rCorr} (You
                  | found it on level 3 of the Depths)
 54602 | Depths:4 | Paralysed by a floating eye for 2 turns
 54819 | Depths:4 | Got a fine silver amulet
 54820 | Depths:4 | Identified the amulet of Zepud {Harm *Drain rElec MR- SInv}
                  | (You found it on level 4 of the Depths)
 55039 | Depths:4 | Received a gift from Nemelex Xobeh
 55369 | Depths:4 | Noticed a caustic shrike
 55446 | Depths:4 | Killed a caustic shrike
 55849 | Depths:4 | Reached skill level 15 in Stealth
 56151 | Depths:5 | Entered Level 5 of the Depths
 56438 | Depths:5 | Received a gift from Nemelex Xobeh
 56528 | Depths:5 | Noticed a juggernaut
 56549 | Depths:5 | Killed a juggernaut
 56956 | Depths:5 | Noticed Boris
 56972 | Depths:5 | Killed Boris
 57017 | Depths:5 | Reached skill level 23 in Invocations
 57266 | Depths:5 | Found a gate to the Realm of Zot.
 57327 | Depths:5 | Found Iphuafiu's Antique Armour Shop.
 57447 | Depths:5 | Received a gift from Nemelex Xobeh
 57724 | Depths:5 | Reached XP level 24. HP: 187/231 MP: 32/38
 58396 | Crypt:1  | Entered Level 1 of the Crypt
 58413 | Crypt:1  | Received a gift from Nemelex Xobeh
 58491 | Crypt:1  | Found a runed translucent door.
 58497 | Crypt:1  | Noticed Heheef's ghost (adept NaAE)
 58529 | Crypt:1  | Killed Heheef's ghost
 58533 | Crypt:1  | Got a shimmering steel ring
 58535 | Crypt:1  | Identified the ring "Pezidexo" {*Slow rElec rCorr Str+4}
                  | (You found it on level 1 of the Crypt)
 58821 | Crypt:1  | Received a gift from Nemelex Xobeh
 58842 | Crypt:1  | Noticed Bai Suzhen
 58860 | Crypt:1  | Killed Bai Suzhen
 59552 | Crypt:2  | HP: 11/234 [golden dragon zombie (11)]
 59553 | Crypt:2  | HP: 5/234 [golden dragon zombie (6)]
 59930 | Crypt:2  | Received a gift from Nemelex Xobeh
 60260 | Crypt:2  | Noticed Mara
 60274 | Crypt:2  | Noticed floatRand's illusion
 60276 | Crypt:2  | Killed Mara
 60533 | Crypt:3  | Entered Level 3 of the Crypt
 60783 | Crypt:3  | Identified the +2 long sword "Aczeud" {slice, rC+ MR-
                  | Dex+4}
 61076 | Crypt:3  | Received a gift from Nemelex Xobeh
 61141 | Crypt:3  | Found a basalt altar of Yredelemnul.
 61141 | Crypt:3  | Noticed an ancient lich
 61150 | Crypt:3  | Killed an ancient lich
 61752 | Crypt:3  | Found a staircase to the Tomb.
 61777 | Crypt:3  | Identified the ring of Echainn {rF+ rC++ rN+ Int-3 Dex+2}
                  | (You found it on level 3 of the Crypt)
 61782 | Crypt:3  | Identified the ring of Curiosity {+Blink rF+ rN+ Str+3}
                  | (You found it on level 3 of the Crypt)
 62719 | Vaults:5 | Entered Level 5 of the Vaults
 62724 | Vaults:5 | Gained mutation: You are extremely robust. (+30% HP)
                  | [demonic ancestry]
 62724 | Vaults:5 | Reached XP level 25. HP: 220/262 MP: 38/38
 62877 | Vaults:5 | Noticed Saint Roka
 63092 | Vaults:5 | Reached skill level 24 in Invocations
 63099 | Vaults:5 | Noticed Jory
 63687 | Vaults:4 | Killed Saint Roka
 63692 | Vaults:4 | Killed Jory
 63758 | Vaults:5 | Noticed Boris
 63961 | Vaults:4 | Killed Boris
 64156 | Vaults:5 | Found Deikh's Food Boutique.
 64200 | Vaults:5 | Cast into level 3 of the Abyss (ogre mage)
 64220 | Abyss:3  | Received a gift from Nemelex Xobeh
 64503 | Abyss:3  | Found a corrupted altar of Lugonu.
 64629 | Abyss:3  | Found a corrupted altar of Lugonu.
 64778 | Abyss:3  | Received a gift from Nemelex Xobeh
 64851 | Vaults:5 | Escaped the Abyss
 64864 | Vaults:5 | Found Fiozup's Food Shoppe.
 65322 | Vaults:5 | Received a gift from Nemelex Xobeh
 65532 | Vaults:5 | Identified the cursed +0 leather armour of the Volcano
                  | {rN+}
 65573 | Vaults:5 | Identified the +9 hand crossbow "Bamiwnal" {penet, rC+ rN+
                  | Dex+3}
 65573 | Vaults:5 | Identified the +1 leather armour of Dyspraxia {Stlth+}
 65579 | Vaults:5 | HP: 11/265 [tentacled monstrosity (3)]
 65579 | Vaults:5 | HP: 3/265 [tentacled monstrosity (8)]
 65681 | Vaults:5 | Gained mutation: A powerful demonic guardian rushes to your
                  | aid. [demonic ancestry]
 65681 | Vaults:5 | Reached XP level 26. HP: 64/274 MP: 22/39
 65979 | Vaults:5 | Identified the cursed +1 chain mail "Ikhusiem" {Str+3
                  | Int+3} (You found it on level 5 of the Vaults)
 65985 | Vaults:5 | Identified the +1 pair of gloves of the Lair of Beasts
                  | {+Fly rElec} (You found it on level 5 of the Vaults)
 65999 | Vaults:5 | Identified the +0 pair of gloves of Moral Flaws {-Tele rC+
                  | Str+8 Dex-5} (You acquired it on level 5 of the Vaults)
 66187 | Vaults:5 | Received a gift from Nemelex Xobeh
 66291 | Vaults:5 | Found Ywkesianyl's Distillery.
 66295 | Vaults:5 | Bought a potion of might for 96 gold pieces
 66295 | Vaults:5 | Bought a potion of haste for 240 gold pieces
 66295 | Vaults:5 | Bought a potion of curing for 72 gold pieces
 66295 | Vaults:5 | Bought a potion of curing for 72 gold pieces
 66295 | Vaults:5 | Bought 2 potions of heal wounds for 240 gold pieces
 66478 | Vaults:5 | Got a silver rune of Zot
 66594 | Vaults:5 | Upgraded the game from 0.25-a0-265-g7af84ae0ac to
                  | 0.25-a0-277-g7046ed1b37
 67002 | Slime:1  | Entered Level 1 of the Pits of Slime
 67036 | Slime:2  | Gained mutation: You are weak. (Str -2) [a shining eye]
 67044 | Slime:2  | Gained mutation: You do not regenerate when monsters are
                  | visible. [a shining eye]
 67045 | Slime:2  | Gained mutation: Armour fits poorly on your strangely
                  | shaped body. [a shining eye]
 67153 | Slime:1  | Lost mutation: You are weak. (Str -2) [potion of mutation]
 67153 | Slime:1  | Lost mutation: Armour fits poorly on your strangely shaped
                  | body. [potion of mutation]
 67153 | Slime:1  | Lost mutation: You are agile. (Dex +2) [potion of mutation]
 67153 | Slime:1  | Gained mutation: You expend magic power (3 MP) to
                  | strengthen your wands. [potion of mutation]
 67153 | Slime:1  | Gained mutation: You have a pair of small horns on your
                  | head. [potion of mutation]
 67154 | Slime:1  | Lost mutation: You have sharp fingernails. [potion of
                  | mutation]
 67154 | Slime:1  | Lost mutation: You have a pair of small horns on your head.
                  | [potion of mutation]
 67154 | Slime:1  | Gained mutation: You are clumsy. (Dex -2) [potion of
                  | mutation]
 67154 | Slime:1  | Gained mutation: You are somewhat resistant to further
                  | mutation. [potion of mutation]
 67155 | Slime:1  | Lost mutation: You are somewhat resistant to further
                  | mutation. [potion of mutation]
 67155 | Slime:1  | Lost mutation: You are clumsy. (Dex -2) [potion of
                  | mutation]
 67155 | Slime:1  | Lost mutation: You expend magic power (3 MP) to strengthen
                  | your wands. [potion of mutation]
 67155 | Slime:1  | Lost mutation: You do not regenerate when monsters are
                  | visible. [potion of mutation]
 67155 | Slime:1  | Gained mutation: You evolve. [potion of mutation]
 67155 | Slime:1  | Gained mutation: Scrolls take you a little longer to read.
                  | [potion of mutation]
 67155 | Slime:1  | Gained mutation: You have a pair of small antennae on your
                  | head. [potion of mutation]
 67175 | Slime:5  | Entered Level 5 of the Pits of Slime
 67212 | Slime:5  | Found a viscous altar of Jiyva.
 67213 | Slime:5  | Noticed the Royal Jelly
 67223 | Slime:5  | Killed the Royal Jelly
 67226 | Slime:5  | Identified the +0 long sword of Disarray {speed, rN+}
 67227 | Slime:5  | HP: 8/276 [acid blob[the Royal Jelly] (28)]
 67227 | Slime:5  | HP: 2/276 [azure jelly[the Royal Jelly] (2)]
 67227 | Slime:5  | Slain by an azure jelly

Levels and vault maps discovered:
D:1:      psy_arrival_basics, layout_loops_ring
D:2:      kb_forest_paths, layout_basic, old_standard_altar, first_ration
D:3:      layout_loops_cross, cheibrodos_sewer_entry_drain, serial_glass,
          glass_columns_a, glass_columns_a, minmay_misc_feat_encased
D:4:      layout_loops_ring, minmay_temple_entry_large_hall,
          lightli_ossuary_entry_decrepit_ruins
D:5:      layout_loops_corners, grunt_gozag_breadcrumbs, elyvilon_altar_3,
          ebering_ghost_reflecting_pool, uniq_blork_the_orc
D:6:      layout_basic, okawaru_trees_2, minitemple
D:7:      layout_loops_ring
D:8:      layout_loops_ring
D:9:      layout_rooms, lemuel_blue_sif_altar, uniq_grum
D:10:     layout_basic, lair_entry_dummy, serial_shops, kennysheep_little_box,
          serial_bayou_lake_a
D:11:     hangedman_cross_cluster, layout_loops_ring, the_bakery,
          nicolae_ashenzari_panopticon, uniq_urug
D:12:     layout_basic
D:13:     layout_basic, serial_shops, shop, gammafunk_ghost_spectres,
          fake_guardian_serpent_vault, uniq_frances
D:14:     layout_irregular_city, david_vaults_1, minmay_misc_feat_iff,
          basic_altar
D:15:     grunt_enter_depths_snipers, layout_loops_ring,
          hangedman_abyss_or_decor_stagger
Temple:   regret_index_temple_waves
Lair:1:   layout_loops_ring, basic_altar, disabler_island, serial_bayou_shore_b,
          uniq_nergalle
Lair:2:   layout_hall_layers, spider_nest_entry_web_field,
          gammafunk_ghost_necromancy, infiniplex_staircase_pool
Lair:3:   layout_regular_city, minmay_swamp_entry_reptiles,
          serial_bayou_shore_a, infiniplex_staircase_pool_2,
          serial_bayou_shore_b
Lair:4:   layout_regular_city, uniq_josephine
Lair:5:   layout_hall_layers, nicolae_slime_entry_slimehenge,
          lemuel_fruit_fields, uniq_rupert
Lair:6:   minmay_lair_end_frog_pond, layout_big_grid
Swamp:1:  layout_basic_swamp, evilmike_swamp_ruin_house_6
Swamp:2:  layout_falls_marsh, evilmike_swamp_ruin_house_2
Swamp:3:  layout_falls_marsh, hangedman_swamp_blocks
Swamp:4:  swamp_old_school, layout_basic_swamp
Spider:1: layout_spider_delve
Spider:2: layout_spider_delve, nicolae_spider_webbed_stairs, uniq_asterion,
          uniq_arachne
Spider:3: layout_spider_delve, guppyfry_spider_mini_3
Spider:4: spider_rune_water, uniq_louise
Slime:1:  layout_caves
Slime:2:  layout_caves, uniq_dissolution
Slime:3:  layout_caves
Slime:4:  layout_caves
Slime:5
Orc:1:    layout_caves, serial_shops, shop
Orc:2:    st_orc_ogre_mass, layout_caves, serial_shops, nicolae_shop_stone,
          nicolae_orc_lava_room, uniq_erolcha
Elf:1:    elf_arrival_002, layout_geoelf_octagon, portal_desolation_entry_salt,
          basic_altar, minivault_28
Elf:2:    layout_geoelf_diagonals, due_unseen_surprise
Elf:3:    grunt_elf_hall_spiral, layout_loops_corners,
          portal_ice_cave_entry_ice_statue_one, uniq_aizul
Vaults:1: v_rooms_4, v_rooms_1, hangedman_vaults_trim, vaults_mumra_lcd,
          vaults_room_ringed_pool, ontoclasm_vaults_bender,
          ontoclasm_vaults_loading_screen, nicolae_vaults_little_squares_4,
          layout_vaults_chaotic_city, serial_shops, shop
Vaults:2: gammafunk_vaults_ghost_necromancy, nicolae_vaults_triangles,
          v_pattern_1, v_misc_10, hangedman_vaults_capsules,
          layout_vaults_omnigrid, serial_shops, nicolae_shop_statue_plus
Vaults:3: st_octagons_2, nicolae_vaults_network_quinsquares
          [nicolae_vaults_network_quincunx_subvault,
          nicolae_vaults_network_quincunx_subvault,
          nicolae_vaults_network_quincunx_subvault,
          nicolae_vaults_network_quincunx_subvault],
          minmay_crypt_entry_necro_gods, dpeg_vaults_monster_box,
          nicolae_vaults_alarming, vaults_mumra_hex, v_misc_22, v_misc_18,
          nicolae_vaults_puzzle_piece, ontoclasm_vaults_misaligned,
          nicolae_vaults_back_hallway, v_misc_14, layout_vaults_maze_snakey,
          serial_shops, shop, uniq_xtahua
Vaults:4: nicolae_vaults_network_square, nicolae_vaults_little_squares_2,
          nicolae_vaults_network_s, hangedman_vaults_nails,
          nicolae_vaults_three_branches, vaults_dpeg_spiral,
          nicolae_vaults_big_ls, v_misc_26, nicolae_vaults_fighting_squares,
          layout_vaults_ring
Vaults:5: uniq_jory, uniq_saint_roka
Crypt:1:  layout_gridlike, ebering_ghost_reflecting_pool, uniq_bai_suzhen
Crypt:2:  layout_rooms, hex_medium, fountainhead, minmay_strange_pillars,
          uniq_mara
Crypt:3:  cryptofortress_bobbens
Depths:1: layout_basic, serial_co_window_serial, co_window_of_opportunity_a,
          co_window_paths_b, co_window_paths_a, co_window_corner_a,
          co_window_paths_b, co_window_2corner, co_window_corner_b,
          co_window_unsneaky_path_b, co_window_corner_b, glass_columns_a,
          glass_columns_a, glass_columns_a, glass_columns_a, glass_columns_a,
          serial_shops, bzr_entry_dummy, abyss_entry, pf_coc_iceberg,
          minmay_misc_feat_chi, minmay_misc_feat_plants,
          chequers_serial_rivers_micro_c, minmay_variable_closet,
          chequers_serial_rivers_room_b, xom_teletrap_fun, firewood_loft
Depths:2: nooodl_heptagram, layout_gridville, pf_hell_entry_tar_river,
          rand_demon_pan_entry_1, hangedman_stitches_earthworm,
          infiniplex_staircase_zigzag_3
Depths:3: minmay_blocking_statues, layout_long_grid, enter_ziggurat_b,
          grunt_pan_entry_zigzag, hell_entry, lemuel_statue_altar,
          minmay_orc_keep, infiniplex_staircase_hallway_doors
Depths:4: minmay_the_grid_four_pointed_star
          [minmay_the_grid_triangle_9x9_pentomino_pain,
          minmay_the_grid_triangle_9x9_corrupted_corridor,
          minmay_the_grid_triangle_9x9_minimal,
          minmay_the_grid_triangle_9x9_limited_checkers,
          minmay_the_grid_prize_big_room], layout_long_grid, serial_sigils,
          serial_sigils_hangedman_gut, serial_sigils_hangedman_carve,
          serial_sigils_hangedman_quiver, serial_sigils_hangedman_confine,
          minmay_staircase_statues, hell_entry, abyss_entry
Depths:5: grunt_zot_entry_hairpin, layout_gridlike, chequers_decorated_corner,
          minmay_room_of_horrors, hell_entry, serial_shops, shop, uniq_boris

Skill      XL: |  1  2  3  4  5  6  7  8  9 10 11 12 13 14 15 16 17 18 19 20 21 22 23 24 25 26 |
---------------+-------------------------------------------------------------------------------+-----
Axes           | 3 4 5 9 10 11 12 13 14 15 16 17 18 19 20 | 20.9
Stealth        | 1 2 3 6 7 8 9 10 11 12 13 14 15 16 17 | 17.2
Dodging        | 3 4 6 7 8 9 10 11 12 13 14 15 16 17 18 19 | 19.0
Invocations    | 7 9 10 11 13 15 16 17 18 19 20 21 22 23 24 | 24.7
Armour         | 1 3 6 8 9 10 11 12 13 14 | 14.2
Fighting       | 4 7 9 10 12 13 14 15 16 17 18 | 18.4
Throwing       | |  1.7

Action                   |  1- 3 |  4- 6 |  7- 9 | 10-12 | 13-15 | 16-18 | 19-21 | 22-24 | 25-27 || total
-------------------------+-------+-------+-------+-------+-------+-------+-------+-------+-------++-------
Melee: War axe           |    63 |     6 |       |       |       |       |       |       |       ||    69
       Kick              |    17 |    55 |    82 |   184 |   244 |   487 |   623 |   648 |   201 ||  2541
       Broad axe         |       |   243 |   221 |   132 |       |       |       |       |       ||   596
       Eveningstar       |       |       |       |    56 |       |       |       |       |       ||    56
       Battleaxe         |       |       |       |   281 |   556 |   996 |   699 |       |       ||  2532
       Executioner's axe |       |       |       |       |       |       |   546 |  1196 |   334 ||  2076
Invok: Stack Five        |       |       |       |       |       |       |     1 |       |       ||     1
 Abil: Draw Destruction  |       |       |     1 |    18 |    13 |    32 |    38 |    27 |    14 ||   143
       Draw Summoning    |       |       |       |     7 |    10 |     6 |    10 |     5 |     3 ||    41
       Draw Escape       |       |       |       |       |       |     2 |       |       |       ||     2
       Draw Stack        |       |       |       |       |       |       |     2 |       |       ||     2
Evoke: Wand              |       |       |       |     3 |       |       |     4 |       |       ||     7
       Phantom mirror    |       |       |       |       |       |       |       |       |     1 ||     1
  Use: Scroll            |       |     6 |    13 |    24 |     8 |    15 |    17 |    13 |     8 ||   104
       Potion            |       |     1 |     3 |     1 |     5 |     3 |     2 |     3 |     7 ||    25
 Stab: Sleeping          |     1 |     5 |    17 |    20 |    23 |    13 |    23 |    19 |     2 ||   123
       Distracted        |       |     3 |     2 |     3 |    11 |    15 |    14 |    22 |    10 ||    80
       Invisible         |       |       |       |     2 |       |       |       |       |       ||     2
       Petrified         |       |       |       |       |       |       |     1 |     2 |       ||     3
       Held in net/web   |       |       |       |       |       |       |     1 |       |       ||     1
       Paralysed         |       |       |       |       |       |       |       |     1 |       ||     1
  Eat: Chunk             |       |    11 |     9 |    22 |    20 |    15 |    14 |    17 |     1 ||   109
       Ration            |       |     1 |     1 |     1 |     1 |     8 |     9 |     7 |     4 ||    32
Armor: Leather armour    |    14 |    52 |     2 |       |       |       |       |       |       ||    68
       Robe              |       |       |    25 |       |       |       |       |       |       ||    25
       Ring mail         |       |       |    16 |   131 |   111 |    11 |       |       |       ||   269
       Chain mail        |       |       |       |       |       |   472 |   557 |   572 |   220 ||  1821
Dodge: Dodged            |    48 |   208 |   262 |   501 |   534 |   994 |  1182 |  1415 |   594 ||  5738

Table legend:
 A = Non-vault XP
 B = Vault XP
 C = Vault XP percentage of total XP
 D = Non-vault monster count
 E = Vault monster count
 F = Vault count percentage of total count
                 A         B        C        D         E       F
            +---------+---------+-------+---------+---------+-------
      Total |  607271 |  700265 |  53.6 |    1437 |    1006 |  41.2
            +---------+---------+-------+---------+---------+-------
        D:1 |      37 |       0 |   0.0 |      15 |       0 |   0.0
        D:2 |      84 |      11 |  11.6 |      20 |       6 |  23.1
        D:3 |     150 |      11 |   6.8 |      24 |       3 |  11.1
        D:4 |     197 |       0 |   0.0 |      14 |       0 |   0.0
        D:5 |     863 |      82 |   8.7 |      27 |       1 |   3.6
        D:6 |    1091 |       0 |   0.0 |      19 |       0 |   0.0
        D:7 |    1337 |       0 |   0.0 |      16 |       0 |   0.0
        D:8 |    1264 |       0 |   0.0 |      25 |       0 |   0.0
        D:9 |    1265 |     597 |  32.1 |      24 |       5 |  17.2
       D:10 |     221 |       0 |   0.0 |       4 |       0 |   0.0
       D:11 |     901 |    5812 |  86.6 |      14 |      24 |  63.2
       D:12 |    1212 |       0 |   0.0 |      12 |       0 |   0.0
       D:13 |    6210 |    3964 |  39.0 |      28 |       8 |  22.2
       D:14 |    4848 |    3258 |  40.2 |      26 |       5 |  16.1
       D:15 |   27052 |    2351 |   8.0 |      53 |       3 |   5.4
     Lair:1 |    3329 |    1099 |  24.8 |      11 |       5 |  31.2
     Lair:2 |    1642 |    1855 |  53.0 |       9 |       8 |  47.1
     Lair:3 |     760 |     322 |  29.8 |       4 |       4 |  50.0
     Lair:4 |    7029 |    2131 |  23.3 |      34 |       6 |  15.0
     Lair:5 |    4641 |    2418 |  34.3 |      21 |       9 |  30.0
     Lair:6 |    8912 |   10351 |  53.7 |      41 |      43 |  51.2
    Swamp:1 |    5511 |       0 |   0.0 |      21 |       0 |   0.0
    Swamp:2 |    8755 |       0 |   0.0 |      23 |       0 |   0.0
    Swamp:3 |   12708 |       0 |   0.0 |      25 |       0 |   0.0
    Swamp:4 |    5233 |   18244 |  77.7 |      12 |      23 |  65.7
   Spider:1 |   20079 |       0 |   0.0 |      58 |       0 |   0.0
   Spider:2 |    9198 |    5952 |  39.3 |      33 |       2 |   5.7
   Spider:3 |   14927 |    1191 |   7.4 |      46 |       5 |   9.8
   Spider:4 |    7334 |   20416 |  73.6 |      21 |      37 |  63.8
    Slime:2 |   10775 |       0 |   0.0 |      17 |       0 |   0.0
    Slime:5 |    2623 |   13887 |  84.1 |       9 |       6 |  40.0
      Orc:1 |    1325 |       0 |   0.0 |      20 |       0 |   0.0
      Orc:2 |    6114 |   21656 |  78.0 |      58 |      44 |  43.1
      Elf:1 |   17628 |    9687 |  35.5 |      32 |      20 |  38.5
      Elf:2 |   15978 |   18846 |  54.1 |      24 |      23 |  48.9
      Elf:3 |   16492 |   41545 |  71.6 |      26 |      30 |  53.6
   Vaults:1 |   11618 |   13480 |  53.7 |      30 |      18 |  37.5
   Vaults:2 |   19892 |   15167 |  43.3 |      52 |      31 |  37.3
   Vaults:3 |   27726 |   34663 |  55.6 |      54 |      44 |  44.9
   Vaults:4 |   38875 |   60442 |  60.9 |      55 |      59 |  51.8
   Vaults:5 |   21995 |  122771 |  84.8 |      40 |     107 |  72.8
    Crypt:1 |   19255 |    8509 |  30.6 |      32 |       2 |   5.9
    Crypt:2 |   26778 |    7628 |  22.2 |      40 |       1 |   2.4
    Crypt:3 |       0 |   61134 | 100.0 |       0 |      85 | 100.0
   Depths:1 |   42723 |       0 |   0.0 |      53 |       0 |   0.0
   Depths:2 |   53832 |   60105 |  52.8 |      80 |      64 |  44.4
   Depths:3 |   12467 |   36822 |  74.7 |      18 |      40 |  69.0
   Depths:4 |   32438 |   13062 |  28.7 |      46 |       7 |  13.2
   Depths:5 |   57296 |   32345 |  36.1 |      49 |      31 |  38.8
    Abyss:3 |   14651 |       0 |   0.0 |      22 |       0 |   0.0
      Sewer |       0 |     189 | 100.0 |       0 |      48 | 100.0
    Ossuary |       0 |     264 | 100.0 |       0 |      48 | 100.0
      IceCv |       0 |    8245 | 100.0 |       0 |      22 | 100.0
 Desolation |       0 |   39753 | 100.0 |       0 |      79 | 100.0
            +---------+---------+-------+---------+---------+-------
